 Dungeon Crawl Stone Soup version 0.20.0-15-g7f486f2 (webtiles) character file.

3290 Kosschaser the Reanimator (level 9, -10/74 HPs)
             Began as a Deep Dwarf Necromancer on June 24, 2017.
             Was a Believer of Makhleb.
             Mangled by a two-headed ogre
             ... wielding a +0 giant club
              (14 damage)
             ... on level 9 of the Dungeon on June 29, 2017.
             The game lasted 00:51:21 (7993 turns).

Kosschaser the Reanimator (Deep Dwarf Necromancer)  Turns: 7993, Time: 00:51:22

Health: -10/74     AC: 16    Str: 16    XL:     9   Next: 69%
Magic:  22/27      EV:  2    Int: 15    God:    Makhleb [**....]
Gold:   421        SH:  0    Dex: -2 (13) Spells: 16/20 levels left

rFire    + . .     SeeInvis .   C - +0 war axe
rCold    . . .     Gourm    .   (no shield)
rNeg     . . .     Faith    .   i - +3 scale mail of the Other World {rElec rF+ Slay+2}
rPois    .         Spirit   .   x - +0 helmet
rElec    +         Reflect  .   (no cloak)
rCorr    .         Harm     .   F - +1 pair of gloves
MR       ++...                  r - +1 pair of boots
Stlth    ..........             (no amulet)
Regen    0.0/turn               v - ring of protection from magic
MPRegen  0.2/turn               s - ring of magical power

@: non-regenerating, slowed, lost dexterity, very slow
A: damage resistance, heal wounds, sense surroundings 2, no regeneration
a: Heal Wounds, Minor Destruction, Renounce Religion


You were on level 9 of the Dungeon.
You worshipped Makhleb.
Makhleb was pleased with you.
You were not hungry.

You visited 1 branch of the dungeon, and saw 9 of its levels.

You collected 481 gold pieces.
You spent 60 gold pieces at shops.

Inventory:

Hand Weapons
 q - the +3 trident "Leutese" {venom, +Inv +Fly}
   (You found it on level 4 of the Dungeon)

   It poisons the flesh of those it strikes.
   It lets you turn invisible.
   It lets you fly.
 C - a +0 war axe (weapon)
Armour
 i - the +3 scale mail of the Other World (worn) {rElec rF+ Slay+2}
   (You took it off a big kobold on level 8 of the Dungeon)

   It affects your accuracy and damage with ranged weapons and melee attacks
   (+2).
   It protects you from fire.
   It insulates you from electricity.
 r - a +1 pair of boots (worn)
 x - a +0 helmet (worn)
 D - a +0 ring mail
 F - a +1 pair of gloves (worn)
Jewellery
 s - a ring of magical power (right hand)
 v - a ring of protection from magic (left hand)
 I - an uncursed ring of resist corrosion
Wands
 o - a wand of iceblast (11/15)
Scrolls
 e - 5 scrolls of teleportation
 g - 3 scrolls of fog
 j - 8 scrolls of remove curse
 l - a scroll of blinking
 n - 4 scrolls of amnesia
 p - a scroll of summoning {unknown}
 w - 2 scrolls of fear
 y - a scroll of enchant armour
 G - a scroll of identify
 H - a scroll of vulnerability {unknown}
Potions
 a - 2 potions of curing {unknown}
 d - a potion of cancellation {unknown}
 f - a potion of heal wounds {unknown}
 t - a potion of haste {unknown}
 z - 2 potions of agility {unknown}
 B - a potion of flight
 E - a potion of mutation {unknown}
Books
 b - a book of Necromancy

   Spells                             Type                      Level
   a - Pain                           Necromancy                   1
   b - Animate Skeleton               Necromancy                   1
   c - Vampiric Draining              Necromancy                   3
   d - Regeneration                   Charms/Necromancy            3
   e - Animate Dead                   Necromancy                   4
   f - Control Undead                 Necromancy                   4
 m - a book of Minor Magic

   Spells                             Type                      Level
   a - Magic Dart                     Conjuration                  1
   b - Blink                          Translocation                2
   c - Call Imp                       Summoning                    2
   d - Slow                           Hexes                        2
   e - Conjure Flame                  Conjuration/Fire             3
   f - Mephitic Cloud                 Conjuration/Poison/Air       3
Comestibles
 c - 4 bread rations
 h - 4 meat rations
 k - 3 royal jellies
 A - a fruit


   Skills:
 + Level 2.5 Fighting
 + Level 5.7 Axes
 + Level 5.6 Armour
 + Level 5.5 Dodging
 - Level 2.4 Stealth
 + Level 6.3 Spellcasting
 + Level 8.7 Necromancy


You had 16 spell levels left.
You knew the following spells:

 Your Spells              Type           Power        Failure   Level  Hunger
a - Pain                  Necr           ####         1%          1    None
b - Vampiric Draining     Necr           ####......   3%          3    ##.....


Dungeon Overview and Level Annotations

Branches:
Dungeon (9/15)             Temple (0/1) D:6             Orc (0/2) D:9
   Lair: D:8-11

Altars:
Dithmenos
Gozag
Makhleb
Nemelex Xobeh
Ru
Vehumet

Shops:
D:4 ?   D:8 }

Annotations:
D:2 Robin
D:4 koelner's ghost, amateur DsVM
D:9 Joseph


Innate Abilities, Weirdness & Mutations

You are resistant to damage.
You can heal yourself by infusing magical energy.
You passively map the area around you.
You do not regenerate.


Message History

The two-headed ogre hits you with a giant club!!
The two-headed ogre hits you with a giant spiked club!
Casting: Vampiric Draining
Confirm with . or Enter, or press ? or * to list all spells.
Aiming: Vampiric Draining
Press: ? - help, Shift-Dir - straight line, f/p - two-headed ogre
Aim: a two-headed ogre, wielding a giant club and a giant spiked club (lightly wounded)
The two-headed ogre is moderately wounded.
You feel life coursing into your body.
The howler monkey zombie hits you but does no damage.
The two-headed ogre hits you with a giant club!
The two-headed ogre hits you with a giant spiked club!
* * * LOW HITPOINT WARNING * * *
The howler monkey zombie hits you but does no damage.
The howler monkey zombie hits you.
* * * LOW HITPOINT WARNING * * *
The two-headed ogre hits you with a giant club!
* * * LOW HITPOINT WARNING * * *
The two-headed ogre hits you with a giant spiked club!
You die...

### ### #.# #.#
####.#####.########### ###
#....................#
..####.#...............##.#
,...##....####@Z#########.#
###.##.##.####O.# #.#
###...........##>.#########.#
..........................#.#
.....................####.#.#
#.#.#.##..................#.#
#.....<............#.####.#.##
#............................#
#...#..##..#.......#(####.####


You could see a two-headed ogre and a howler monkey zombie.

Vanquished Creatures
  A hippogriff (D:9)
  Grinder (D:4)
  A spriggan (D:7)
  5 yaks (D:9)
  Duvessa (D:6)
  2 ice beasts (D:8)
  2 black bears
  2 ogres
  A centaur (D:6)
  A big kobold (D:8)
  2 scorpions
  Dowan (D:6)
  3 howler monkeys
  2 crimson imps
  4 hounds
  3 quasits
  2 orc priests
  A bullfrog skeleton (D:5)
  An iguana (D:7)
  2 orc wizards
  7 worker ants
  A killer bee zombie (D:7)
  An ogre zombie (D:9)
  2 hound skeletons (D:5)
  A hound zombie (D:5)
  A worker ant zombie (D:5)
  12 adders
  6 gnolls
  2 shadow imps
  2 oozes
  2 worms (D:4)
  2 dart slugs
  3 leopard geckos
  15 orcs
  4 giant cockroaches
  12 goblins
  8 hobgoblins
  14 jackals
  5 quokkas
  2 ball pythons
  6 bats
  2 frilled lizards
  A goblin zombie (D:9)
  A jackal skeleton (D:7)
  14 kobolds
  A leopard gecko skeleton (D:4)
  6 orc zombies (D:9)
  2 quokka zombies (D:5)
  5 rats
178 creatures vanquished.

Notes
Turn   | Place    | Note
-------+----------+-------------------------------------------
     0 | D:1      | Kosschaser the Deep Dwarf Necromancer began the quest for the Orb.
     0 | D:1      | Reached XP level 1. HP: 15/15 MP: 3/3
   222 | D:1      | Reached XP level 2. HP: 22/22 MP: 1/4
   632 | D:1      | You fall through a shaft!
   765 | D:2      | Reached skill level 5 in Necromancy
   771 | D:2      | Found a shadowy altar of Dithmenos.
   864 | D:2      | Noticed Robin
   876 | D:2      | Reached XP level 3. HP: 19/28 MP: 2/6
   940 | D:2      | Learned a level 3 spell: Vampiric Draining
  1529 | D:3      | Reached XP level 4. HP: 12/36 MP: 0/8
  1723 | D:3      | Found a sparkling altar of Nemelex Xobeh.
  2108 | D:4      | Found Emmoegea's Magic Scroll Shop.
  2136 | D:4      | Bought a scroll of identify for 24 gold pieces
  2136 | D:4      | Bought a scroll of remove curse for 36 gold pieces
  2382 | D:4      | Found a radiant altar of Vehumet.
  2385 | D:4      | Got a pitted trident
  2386 | D:4      | Identified the +3 trident "Leutese" {venom, +Inv +Fly} (You found it on level 4 of the Dungeon)
  2411 | D:4      | Reached XP level 5. HP: 21/43 MP: 7/9
  2589 | D:4      | Reached skill level 1 in Axes
  2589 | D:4      | Reached skill level 1 in Armour
  2772 | D:4      | Reached XP level 6. HP: 28/50 MP: 11/11
  2889 | D:4      | Noticed Grinder
  2911 | D:3      | Found a faded altar of an unknown god.
  3156 | D:4      | Found a sacrificial altar of Ru.
  3172 | D:4      | Killed Grinder
  3172 | D:4      | Reached skill level 1 in Fighting
  3172 | D:4      | Reached skill level 6 in Necromancy
  3172 | D:4      | Reached XP level 7. HP: 15/57 MP: 12/12
  3232 | D:4      | Noticed koelner's ghost (amateur DsVM)
  3567 | D:5      | Entered Level 5 of the Dungeon
  3648 | D:5      | Found an opulent altar of Gozag.
  3697 | D:5      | Found a burning altar of Makhleb.
  3713 | D:5      | Became a worshipper of Makhleb the Destroyer
  4637 | D:6      | Noticed Dowan
  4642 | D:6      | Noticed Duvessa
  4898 | D:6      | Killed Dowan
  4898 | D:6      | Reached XP level 8. HP: 45/64 MP: 13/14
  4913 | D:6      | Reached skill level 7 in Necromancy
  4964 | D:6      | Killed Duvessa
  5146 | D:6      | Found a staircase to the Ecumenical Temple.
  5438 | D:7      | Reached * piety under Makhleb
  5780 | D:7      | Lost dexterity.
  5864 | D:8      | Found Fiyng's Gadget Boutique.
  6055 | D:8      | Reached skill level 5 in Spellcasting
  6194 | D:8      | Paralysed by fainting for 8 turns
  6328 | D:8      | Reached skill level 5 in Dodging
  6332 | D:8      | Got a pitted scale mail
  6352 | D:9      | Identified the +3 scale mail of the Other World {rElec rF+ Slay+2} (You took it off a big kobold on level 8 of the Dungeon)
  6693 | D:9      | Gained mutation: You passively map the area around you. [Deep Dwarf growth]
  6693 | D:9      | Reached XP level 9. HP: 62/73 MP: 10/17
  6699 | D:9      | Reached skill level 8 in Necromancy
  6719 | D:9      | Reached skill level 5 in Axes
  6728 | D:9      | Reached skill level 5 in Armour
  7039 | D:9      | Reached ** piety under Makhleb
  7066 | D:9      | Found a staircase to the Orcish Mines.
  7096 | D:9      | Noticed Joseph
  7539 | D:7      | Lost dexterity.
  7988 | D:9      | Noticed a two-headed ogre
  7993 | D:9      | Mangled by a two-headed ogre

Skill      XL: |  1  2  3  4  5  6  7  8  9 |
---------------+----------------------------+-----
Spellcasting   | 2 3 4 5 6 |  6.3
Necromancy     | 5 6 7 8 |  8.7
Axes           | 1 2 3 4 5 |  5.7
Armour         | 1 2 3 4 5 |  5.6
Dodging        | 3 5 |  5.5
Fighting       | 1 2 |  2.5
Stealth        | |  2.4

Action                   |  1- 3 |  4- 6 |  7- 9 || total
-------------------------+-------+-------+-------++-------
Melee: Unarmed           |    47 |    12 |       ||    59
       Hand axe          |       |   136 |    73 ||   209
       War axe           |       |       |   559 ||   559
 Cast: Pain              |    63 |     7 |     9 ||    79
       Vampiric Draining |     9 |    30 |   123 ||   162
Invok: Minor Destruction |       |       |     3 ||     3
 Abil: Heal Wounds       |       |     3 |     4 ||     7
  Use: Scroll            |       |     1 |    11 ||    12
 Stab: Sleeping          |     2 |     2 |     3 ||     7
  Eat: Chunk             |     3 |    10 |    21 ||    34
       Bread ration      |       |       |     3 ||     3
       Royal jelly       |       |       |     2 ||     2
       Meat ration       |       |       |     1 ||     1
Armor: Robe              |    13 |    12 |       ||    25
       Leather armour    |       |    44 |    22 ||    66
       Ring mail         |       |       |   486 ||   486
       Scale mail        |       |       |   383 ||   383
Dodge: Dodged            |    54 |   134 |   663 ||   851
